 Dungeon Crawl Stone Soup version 0.30-a0-972-gf3ab3527aa (webtiles) character file.

Game seed: 14634424679587090491

78 Shard1697 the Cudgeller (level 4, -3/39 HPs)
             Began as an Armataur Fighter on Apr 1, 2023.
             Slain by Sigmund
             ... wielding a +0 scythe
              (7 damage)
             ... on level 2 of the Dungeon.
             The game lasted 00:01:04 (694 turns).

Shard1697 the Cudgeller (Armataur Fighter)           Turns: 694, Time: 00:01:05

Health: -3/39      AC: 12    Str: 21    XL:     4   Next: 15%
Magic:  4/4        EV:  7    Int:  8    God:
Gold:   52         SH:  0    Dex: 12    Spells: 3/3 levels left

rFire   . . .      SeeInvis .    a - +0 flail
rCold   . . .      Faith    .    c - +0 buckler
rNeg    . . .      Spirit   .    b - +0 scale mail
rPois   .          Reflect  .    f - +0 helmet
rElec   .          Roll     +    (no cloak)
rCorr   .                        (no gloves)
Will    .....                    (no barding) Stlth
                                 (no amulet)
HPRegen 0.26/turn                g - +4 ring of protection
MPRegen 0.09/turn                (no ring)

@: confused, mighty, brilliant, slowed, very slow
A: large, rugged brown scales 3, deformed body, armoured tail, roll, long
tongue, awkward tongue
a: no special abilities


You were on level 2 of the Dungeon.
You visited 1 branch of the dungeon, and saw 2 of its levels.

You collected 52 gold pieces.

Inventory:

Hand Weapons
 a - a +0 flail (weapon)
Armour
 b - a +0 scale mail (worn)
 c - a +0 buckler (worn)
 f - a +0 helmet (worn)
Jewellery
 g - a +4 ring of protection (left hand)
Scrolls
 e - 2 scrolls of enchant armour {unknown}
 i - a scroll of teleportation {unknown}
 k - a scroll of fear {unknown}
Potions
 d - 2 potions of might


   Skills:
 - Level 2.6 Fighting
 + Level 4.1 Maces & Flails
 - Level 3.6 Armour
 - Level 3.2 Shields


You had 3 spell levels left.
You didn't know any spells.
Your spell library was empty.

Dungeon Overview and Level Annotations

Branches:
Dungeon (2/15)

Altars:

Annotations:
D:2 Natasha, Sigmund


Innate Abilities, Weirdness & Mutations

You are completely covered in rugged brown scales. (AC +3, +7% HP)
Armour fits poorly on your strangely shaped body.
You have a long armoured tail.
You roll when moving toward enemies. (Rampage)
Your long tongue fully drains potion bottles. (2x potion effects)
Your tongue gives you trouble enunciating. (1.5x scroll delay)


Message History

The giant cockroach bites you but does no damage.
The iron imp hits you but does no damage.
Natasha claws you but does no damage. The orc hits you with a +0 flail.
The orc hits you but does no damage. Something hits you.
The orc hits you with a +0 club. The giant cockroach closely misses you.
The iron imp hits you but does no damage.
Something unexpectedly blocked you, preventing you from rolling!
You closely miss something. Natasha claws you. The giant cockroach bites you.
The orc hits you with a +0 flail. The orc hits you but does no damage.
The orc barely misses you. The iron imp barely misses you. Natasha claws you.
You hear some strange, mumbled words.
You are confused.
The giant cockroach bites you but does no damage.
The orc hits you but does no damage. The orc hits you with a +0 club.
The orc hits you with a +0 flail.
* * * LOW HITPOINT WARNING * * *
You miss the orc.
The iron imp disappears in a puff of smoke!
Natasha mumbles some strange words.
Natasha glows brightly for a moment.
Natasha claws you but does no damage.
The giant cockroach bites you but does no damage.
You hear some strange, mumbled words.
A magic dart appears from out of thin air!
The magic dart hits you.
* * * LOW HITPOINT WARNING * * *
The orc closely misses you. The orc barely misses you.
The orc hits you but does no damage.
The giant cockroach bites you but does no damage.
Natasha casts a spell at you. The magic dart hits you.
* * * LOW HITPOINT WARNING * * *
Something hits you but does no damage.
The giant cockroach attacks as you move away!
The giant cockroach bites you but does no damage.
The orc attacks as you move away! The orc hits you but does no damage.
The orc attacks as you move away! The orc hits you but does no damage.
Natasha claws you but does no damage. The orc barely misses you.
Something hits you!
You die...

# #...###...## )
#####.#######..# #
#.........# ##.# #
#.........# #.##
###.........# #..#
...)........# ##.#####
############# #......#
##### #.(....# .....
######@oo...# ####.
......Bho5...#
######.S{....#
#......(.# #.........#
######### #.........#
#.......# #.........#
#.......# #.........#
##.......###.........#


You could see an iron imp (summoned), Natasha, 3 orcs, a giant cockroach and a
ball python.

Vanquished Creatures
  Natasha (D:2)
  2 adders (D:2)
  A worm (D:2)
  2 dart slugs (D:2)
  An orc (D:2)
  A bat (D:2)
  2 endoplasms
  A giant cockroach (D:1)
  4 goblins
  4 hobgoblins
  2 ball pythons
  2 frilled lizards
  3 kobolds
  2 rats
28 creatures vanquished.

Notes
Turn   | Place    | Note
-------+----------+-------------------------------------------
     0 | D:1      | Shard1697 the Armataur Fighter began the quest for the Orb.
     0 | D:1      | Reached XP level 1. HP: 19/19 MP: 1/1
    46 | D:1      | Reached skill level 2 in Maces & Flails
   103 | D:1      | Reached XP level 2. HP: 26/26 MP: 2/2
   382 | D:2      | Reached skill level 3 in Maces & Flails
   384 | D:2      | Reached XP level 3. HP: 20/32 MP: 3/3
   560 | D:2      | Noticed Natasha
   566 | D:2      | Killed Natasha
   567 | D:2      | Reached skill level 4 in Maces & Flails
   567 | D:2      | Reached XP level 4. HP: 22/39 MP: 4/4
   673 | D:2      | Noticed Sigmund
   678 | D:2      | Noticed Natasha
   694 | D:2      | Slain by Sigmund

Illustrated notes

Levels and vault maps discovered:
D:1:      dpeg_arrival_rhombi, layout_rooms
D:2:      layout_rooms, dreamdust_ecumenical_altar_drowned_temple, serial_shops,
          shop, uniq_sigmund, uniq_crazy_yiuf_cottage, uniq_natasha

Skill      XL: |  1  2  3 |
---------------+----------+-----
Maces & Flails | 2 3 4 |  4.1
Fighting       | |  2.6
Armour         | |  3.6
Shields        | |  3.2

Action                     |  1- 3 |  4- 6 || total
---------------------------+-------+-------++-------
  Melee: Flail             |    71 |    19 ||    90
         Tailslap          |    10 |     1 ||    11
    Use: Potion            |       |     4 ||     4
 Armour: Scale mail        |    53 |    59 ||   112
  Dodge: Dodged            |    24 |    27 ||    51
  Block: Buckler           |    16 |     4 ||    20

Table legend: (Time is in decaauts)
 A = Elapsed time spent in this place.
 B = Non-inter-level travel time spent in this place.
 C = Inter-level travel time spent in this place.
 D = Time resting spent in this place.
 E = Time spent auto-exploring this place.
 F = Levels seen in this place.
 G = Mean time per level.
                   A        B        C        D        E       F      G
               +--------+--------+--------+--------+--------+-----+--------+
         Total |    725 |    698 |     27 |     50 |    420 |   2 |  362.5 |
       Dungeon |    725 |    698 |     27 |     50 |    420 |   2 |  362.5 |
               +--------+--------+--------+--------+--------+-----+--------+

Top non-repeatable levels by time:
     D:1: 369 daAuts
     D:2: 356 daAuts
